 Dungeon Crawl Stone Soup version 0.28-a0-845-gfc338a8e3c (webtiles) character file.

Game seed: 10169547826124032785

11 ytrimaz the Chopper (level 2, 22/22 HPs)
             Began as a Demonspawn Gladiator on Nov 12, 2021.
             Quit the game on level 1 of the Dungeon.
             The game lasted 00:01:05 (710 turns).

ytrimaz the Chopper (Demonspawn Gladiator)           Turns: 710, Time: 00:01:06

Health: 22/22      AC:  4    Str: 14    XL:     2   Next: 13%
Magic:  2/2        EV: 12    Int:  9    God:
Gold:   14         SH:  0    Dex: 14    Spells: 1/1 levels left

rFire   . . .      SeeInvis .   a - +0 war axe
rCold   . . .      Faith    .   (no shield)
rNeg    . . .      Spirit   .   b - +0 leather armour
rPois   .          Reflect  .   c - +0 helmet
rElec   .          Harm     .   (no cloak)
rCorr   .          Rampage  .   (no gloves)
Will    .....                   (no boots)
Stlth   +.........              (no amulet)
HPRegen 0.07/turn               (no ring)
MPRegen 0.08/turn               (no ring)

@: no status effects
A: spiny 1
a: no special abilities


You were on level 1 of the Dungeon.
You visited 1 branch of the dungeon, and saw 2 of its levels.

You collected 14 gold pieces.

Inventory:

Hand Weapons
 a - a +0 war axe (weapon)
Missiles
 d - 3 throwing nets (quivered)
Armour
 b - a +0 leather armour (worn)
 c - a +0 helmet (worn)
Scrolls
 e - a scroll of noise {unknown}
 f - a scroll of immolation {unknown}
 g - a scroll of identify {unknown}


   Skills:
 * Level 2.1 Fighting
 + Level 2.9 Axes
 - Level 1.7 Throwing
 * Level 0.6 Armour
 + Level 2.8 Dodging


You had one spell level left.
You didn't know any spells.
Your spell library was empty.

Dungeon Overview and Level Annotations

Branches:
Dungeon (2/15)

Altars:


Innate Abilities, Weirdness & Mutations

You are partially covered in sharp spines.


Message History

The giant cockroach completely misses you.
You barely miss the giant cockroach.
The giant cockroach is almost dead.
The giant cockroach is struck by your spines.
You kill the giant cockroach!
Found a runed rapier.
You see here a giant cockroach corpse.
Things that are here:
a +0 dagger; a goblin corpse You start resting.
You start resting.
HP restored.
f - a scroll labelled VIM CUHIDIUSTUDE
Things that are here:
a +0 dagger; a goblin corpse You see here a hobgoblin corpse.
You see here a +2 rapier of electrocution.
g - a scroll labelled RYAHUG MUGH
Found 18 stones.
You see here 18 stones.
You now have 14 gold pieces.
A hobgoblin comes into view.
Found an inky potion.
A hobgoblin is nearby!
A hobgoblin is nearby!
The hobgoblin shouts!
You barely miss the hobgoblin. The hobgoblin barely misses you.
The hobgoblin is struck by your spines. The hobgoblin closely misses you.
You barely miss the hobgoblin.
The hobgoblin is heavily wounded.
The hobgoblin closely misses you.
You closely miss the hobgoblin.
The hobgoblin is heavily wounded.
The hobgoblin hits you but does no damage.
You barely miss the hobgoblin.
The hobgoblin is heavily wounded.
The hobgoblin is struck by your spines.
You kill the hobgoblin!
You see here a hobgoblin corpse.
Are you sure you want to abandon this character and quit the game? (Confirm with "yes".)

#####.#..(..#. ##
......#.###.#. ..#
........# #... #.#
#####.###.## #.#
#.....# #.# ###.### #.#
#########.#
#######.###.##........#
.........@!.##.########
######.######.#
#######.######.#
...............#
........########
#########


There were no monsters in sight!

Vanquished Creatures
  An endoplasm (D:1)
  A giant cockroach (D:1)
  2 goblins
  2 hobgoblins (D:1)
  A ball python (D:1)
  A frilled lizard (D:2)
  3 rats
11 creatures vanquished.

Notes
Turn   | Place    | Note
-------+----------+-------------------------------------------
     0 | D:1      | ytrimaz the Demonspawn Gladiator began the quest for the
                  | Orb.
     0 | D:1      | Reached XP level 1. HP: 16/16 MP: 1/1
   181 | D:1      | You fall into a shaft and drop 1 floor!
   451 | D:1      | Gained mutation: You are partially covered in sharp spines.
                  | [demonic ancestry]
   451 | D:1      | Reached XP level 2. HP: 12/22 MP: 2/2
   710 | D:1      | Quit the game

Illustrated notes

Levels and vault maps discovered:
D:1:      onia_arrival_handbag, layout_loops_ring, minmay_domino_4
D:2:      layout_loops_cross

Action                   || total
-------------------------++-------
Melee: War axe           ||    37
Armor: Leather armour    ||     6
Dodge: Dodged            ||    37

Table legend: (Time is in decaauts)
 A = Elapsed time spent in this place.
 B = Non-inter-level travel time spent in this place.
 C = Inter-level travel time spent in this place.
 D = Time resting spent in this place.
 E = Time spent auto-exploring this place.
 F = Levels seen in this place.
 G = Mean time per level.
                   A        B        C        D        E       F      G
               +--------+--------+--------+--------+--------+-----+--------+
         Total |    723 |    723 |      0 |    129 |    488 |   2 |  361.5 |
       Dungeon |    723 |    723 |      0 |    129 |    488 |   2 |  361.5 |
               +--------+--------+--------+--------+--------+-----+--------+

Top non-repeatable levels by time:
     D:1: 470 daAuts
     D:2: 252 daAuts
